 Dungeon Crawl Stone Soup version 0.19.1-1-g22dce08 (webtiles) character file.

3468 dngmouse the Severer (level 9, -4/71 HPs)
             Began as a Minotaur Berserker on Jan 19, 2017.
             Was an Elder of Trog.
             Slain by an ice beast (12 damage)
             ... on level 7 of the Dungeon.
             The game lasted 00:14:03 (6496 turns).

dngmouse the Severer (Minotaur Berserker)           Turns: 6496, Time: 00:14:04

Health: -4/71      AC:  8    Str: 22    XL:     9   Next: 79%
Magic:  8/8        EV:  8    Int:  4    God:    Trog [****..]
Gold:   409        SH:  0    Dex: 13    Spells: 0 memorised, 8 levels left

rFire  . . .     SeeInvis .     a - +0 war axe
rCold  . . .     Gourm    .     w - +0 chain mail
rNeg   . . .     Faith    .     (no shield)
rPois  +         Spirit   .     (helmet restricted)
rElec  .         Reflect  .     (no cloak)
rCorr  .         Harm     .     (no gloves)
MR     .....                    (no boots)
Stlth  ..........               (no amulet)
                                (no ring)
                                s - ring of poison resistance

@: no status effects
A: retaliatory headbutt, horns 2
a: Berserk, Trog's Hand, Brothers in Arms, Burn Spellbooks, Renounce Religion


You were on level 7 of the Dungeon.
You worshipped Trog.
Trog was greatly pleased with you.
You were not hungry.

You visited 1 branch of the dungeon, and saw 7 of its levels.
You also visited: Ossuary.

You collected 409 gold pieces.

Inventory:

Hand Weapons
 a - a +0 war axe (weapon)
Armour
 w - a +0 chain mail (worn)
Jewellery
 s - a ring of poison resistance (left hand)
Wands
 i - a wand of disintegration (9/24)
 x - a wand of random effects (20/48)
Scrolls
 h - 4 scrolls of enchant armour
 j - 6 scrolls of identify
 l - 5 scrolls of teleportation
 p - 4 scrolls of remove curse
 q - 3 scrolls of fog {unknown}
 u - 2 scrolls of blinking
Potions
 b - 2 potions of ambrosia {unknown}
 d - 2 potions of degeneration {unknown}
 e - a potion of berserk rage {unknown}
 f - 2 potions of haste {unknown}
 k - 3 potions of curing {unknown}
 m - 2 potions of agility {unknown}
 n - a potion of might {unknown}
 o - a potion of mutation {unknown}
 r - 2 potions of lignification {unknown}
 t - a potion of brilliance {unknown}
Comestibles
 c - 3 bread rations
 g - 2 meat rations
 v - 4 fruits
 z - 3 chunks of flesh


   Skills:
 - Level 4.0 Fighting
 * Level 15.9 Axes
 - Level 2.4 Armour
 - Level 2.1 Dodging


You had 8 spell levels left.
You didn't know any spells.

Dungeon Overview and Level Annotations

Branches:
Dungeon (7/15)             Temple (0/1) D:7

Altars:
Gozag
Kikubaaqudgha
Makhleb
Okawaru
Xom


Innate Abilities, Weirdness & Mutations

You reflexively headbutt those who attack you in melee.
You have a pair of horns on your head.


Message History

You headbutt the ice beast, but do no damage.
The ice beast is severely wounded.
You completely miss the phantom. The phantom hits you. The ice beast hits you.
The ice beast freezes you!
* * * LOW HITPOINT WARNING * * *
You are too injured to fight recklessly!
You are too injured to fight recklessly!
You are too injured to fight recklessly!
You are too injured to fight recklessly!
You are too injured to fight recklessly!
You are too injured to fight recklessly!
You barely miss the ice beast.
The ice beast is severely wounded.
Your chain mail prevents you from hitting the phantom.
The phantom hits you.
* * * LOW HITPOINT WARNING * * *
The ice beast hits you.
* * * LOW HITPOINT WARNING * * *
The ice beast freezes you!
You die...

#......# #.....>+
#......# ##########
####........###########
...'.....†..'..........
#......).###########
.####........# #######
....'..@.....+ .......
.####.WY.....# #######
#.# ..........%#
#.#.#......?#####
#.#.#§......#
#.#.#.......#
#.#.#########
#.#.####### #.#.......#


You could see a phantom and an ice beast.

Vanquished Creatures
  The ghost of dscm the Covert, a novice OpAs of Uskayaw (D:6)
  The ghost of Paps the Covert, a novice KoAs (D:5)
  Pikel (D:5)
  Grinder (D:5)
  Duvessa (D:5)
  An orc warrior (D:6)
  A sky beast (D:7)
  A phantom (D:4)
  2 ogres
  A centaur (D:6)
  4 bullfrogs
  A big kobold (D:7)
  Dowan (D:5)
  2 scorpions (D:7)
  A centaur zombie (D:6)
  A crimson imp (D:6)
  A human zombie (Ossuary)
  A centaur skeleton (D:4)
  2 hounds (D:6)
  An orc priest (D:6)
  3 orc wizards (D:6)
  Ijyb (D:3)
  An iguana (D:6)
  3 worker ants
  A big kobold zombie (Ossuary)
  2 hound zombies
  4 mummies (Ossuary)
  8 gnolls
  8 adders
  3 shadow imps
  2 oozes
  An adder zombie (Ossuary)
  2 worms
  A dart slug (D:1)
  12 orcs
  2 giant cockroaches
  2 gnoll zombies (Ossuary)
  14 goblins
  5 hobgoblins
  8 jackals (D:3)
  A quokka (D:4)
  5 bats
  A goblin zombie (Ossuary)
  A hobgoblin zombie (Ossuary)
  12 kobolds
  2 kobold zombies (Ossuary)
  A leopard gecko zombie (D:6)
  2 orc zombies (Ossuary)
  A quokka skeleton (D:4)
  6 rats
141 creatures vanquished.

Vanquished Creatures (others)
  A centaur (D:5)
1 creature vanquished.

Grand Total: 142 creatures vanquished

Notes
Turn   | Place    | Note
-------+----------+-------------------------------------------
     0 | D:1      | dngmouse the Minotaur Berserker began the quest for the Orb.
     0 | D:1      | Reached XP level 1. HP: 19/19 MP: 0/0
   226 | D:1      | Reached skill level 4 in Axes
   226 | D:1      | Reached XP level 2. HP: 20/27 MP: 1/1
  1364 | D:2      | Reached XP level 3. HP: 28/33 MP: 2/2
  1490 | D:2      | Reached skill level 5 in Axes
  2038 | D:3      | Found an opulent altar of Gozag.
  2113 | D:3      | Reached ** piety under Trog
  2345 | D:3      | Reached XP level 4. HP: 40/40 MP: 3/3
  2370 | D:3      | Reached skill level 6 in Axes
  2743 | D:3      | Noticed Ijyb
  2755 | D:3      | Killed Ijyb
  2823 | D:3      | Reached XP level 5. HP: 46/46 MP: 4/4
  3033 | D:3      | Reached skill level 7 in Axes
  3309 | D:4      | Found a shimmering altar of Xom.
  3396 | D:4      | Found an iron altar of Okawaru.
  3551 | D:4      | Noticed a phantom
  3575 | D:4      | Reached skill level 8 in Axes
  3575 | D:4      | Reached XP level 6. HP: 28/52 MP: 5/5
  3995 | D:4      | Found an iron altar of Okawaru.
  4005 | D:4      | Reached *** piety under Trog
  4102 | D:5      | Entered Level 5 of the Dungeon
  4292 | D:5      | Reached skill level 9 in Axes
  4296 | D:5      | Noticed Grinder
  4302 | D:5      | Paralysed by Grinder for 2 turns
  4307 | D:5      | Killed Grinder
  4307 | D:5      | Reached XP level 7. HP: 17/59 MP: 6/6
  4358 | D:5      | Noticed Paps's ghost (novice KoAs)
  4376 | D:5      | Killed Paps's ghost
  4376 | D:5      | Reached skill level 11 in Axes
  4376 | D:5      | Reached XP level 8. HP: 48/66 MP: 7/7
  4427 | D:5      | Noticed Duvessa
  4428 | D:5      | Noticed Dowan
  4444 | D:5      | Killed Duvessa
  4446 | D:5      | Killed Dowan
  4446 | D:5      | Reached skill level 12 in Axes
  4489 | D:5      | Noticed Pikel
  4495 | D:5      | Killed Pikel
  4495 | D:5      | Reached skill level 13 in Axes
  5087 | D:6      | Noticed dscm's ghost (novice OpAs)
  5091 | D:6      | Found a sand-covered staircase.
  5108 | D:6      | Killed dscm's ghost
  5108 | D:6      | Reached skill level 14 in Axes
  5108 | D:6      | Reached XP level 9. HP: 45/71 MP: 8/8
  5225 | Ossuary  | Entered an ossuary
  5663 | D:6      | Reached **** piety under Trog
  5724 | D:6      | Found a burning altar of Makhleb.
  5737 | D:6      | Reached skill level 15 in Axes
  6383 | D:7      | Found a staircase to the Ecumenical Temple.
  6424 | D:7      | Found an ancient bone altar of Kikubaaqudgha.
  6496 | D:7      | Slain by an ice beast

Skill      XL: |  1  2  3  4  5  6  7  8  9 |
---------------+----------------------------+-----
Axes           | 4 5 6 8 9 11 14 15 | 15.9
Fighting       | 4 |  4.0
Armour         | |  2.4
Dodging        | |  2.1

Action                   |  1- 3 |  4- 6 |  7- 9 || total
-------------------------+-------+-------+-------++-------
Melee: Hand axe          |    53 |       |       ||    53
       Headbutt          |     6 |    20 |    36 ||    62
       War axe           |    21 |   109 |   192 ||   322
Invok: Trog's Hand       |       |     1 |     1 ||     2
       Berserk           |       |       |     3 ||     3
       Burn Spellbooks   |       |       |     1 ||     1
  Use: Scroll            |     1 |       |     6 ||     7
  Eat: Chunk             |     4 |     5 |     6 ||    15
       Beef jerky        |       |       |     1 ||     1
       Meat ration       |       |       |     1 ||     1
Armor: Animal skin       |     4 |       |       ||     4
       Ring mail         |    24 |    31 |    37 ||    92
       Chain mail        |       |       |    24 ||    24
Dodge: Dodged            |    56 |    57 |    66 ||   179
